 Dungeon Sprint DCSS version 0.30-a0-341-g682706514a (webtiles) character file.

Game seed: 16163074206381036926

4800000 p00ps00p the Politician (level 22, -35/212 HPs)
             Began as a Demonspawn Wanderer on Nov 4, 2022.
             Was the Champion of Makhleb.
             Annihilated by a meat berserker
             ... wielding a +9 battleaxe
              (85 damage)
             ... in the Dungeon (Sprint VIII: "Arena of Blood").
             The game lasted 00:04:39 (48 turns).

p00ps00p the Politician (Demonspawn Wanderer)         Turns: 48, Time: 00:04:41

Health: -35/212    AC:  9    Str: 17    XL:     22   Next: 34%
Magic:  22/37      EV: 32    Int: 13    God:    Makhleb [******]
Gold:   0          SH:  0    Dex: 20    Spells: 44/44 levels left

rFire   . . .      SeeInvis .    l - +∞ Axe of Woe
rCold   . . .      Faith    .    (shield currently unavailable)
rNeg    . . .      Spirit   .    e - +0 robe
rPois   .          Reflect  .    (helmet unavailable)
rElec   .          Harm     .    (no cloak)
rCorr   .          Rampage  .    c - +0 pair of gloves
Will    +....      NoTele   +    (no boots)
Stlth   ++++++++++               (no amulet)
HPRegen 0.55/turn                j - +30 ring of slaying
MPRegen 0.25/turn                m - +30 ring of slaying

@: on berserk cooldown
A: horns 3, molten scales 2, icemail 2, condensation shield, demonic magic 2
a: Renounce Religion, Minor Destruction, Lesser Servant of Makhleb, Major
Destruction, Greater Servant of Makhleb


You were in the Dungeon.
You worshipped Makhleb.
Makhleb was exalted by your worship.
You visited 1 branch

Inventory:

Hand Weapons
 a - a +2 short sword
 b - a +0 quarterstaff
 h - a +9 war axe
 l - the +∞ Axe of Woe (weapon)
   (You found it in the Dungeon)
Armour
 c - a +0 pair of gloves (worn)
 e - a +0 robe (worn)
Jewellery
 j - a +30 ring of slaying (left hand)
 m - a +30 ring of slaying (right hand)
Scrolls
 d - a scroll of fear
Potions
 f - a potion of curing
 g - a potion of heal wounds
 i - 2 potions of magic


   Skills:
 O Level 27 Fighting
 O Level 27 Short Blades
 + Level 11.5(20.8) Long Blades
 O Level 27 Axes
 + Level 10.3(26.0) Maces & Flails
 + Level 10.3(26.0) Polearms
 O Level 27 Staves
 + Level 10.3 Ranged Weapons
 + Level 10.3 Throwing
 O Level 27 Armour
 O Level 27 Dodging
 O Level 27 Stealth
 + Level 10.3 Shields
 + Level 11.5 Unarmed Combat
 + Level 11.5 Spellcasting
 + Level 12.5 Conjurations
 + Level 12.5 Hexes
 + Level 12.5 Summonings
 + Level 13.6 Necromancy
 + Level 11.5 Translocations
 + Level 11.5 Transmutations
 + Level 11.5 Fire Magic
 + Level 11.5 Ice Magic
 + Level 11.5 Air Magic
 + Level 11.5 Earth Magic
 + Level 12.5 Poison Magic
 + Level 16.0 Invocations
 + Level 12.5 Evocations


You had 44 spell levels left.
You didn't know any spells.
Your spell library was empty.

Dungeon Overview and Level Annotations

Branches:
Dungeon (1/1)

Altars:
Makhleb


Innate Abilities, Weirdness & Mutations

You have a pair of large horns on your head.
You are mostly covered in molten scales. (AC +3)
A meltable icy envelope protects you from harm. (AC +0)
A meltable shield of frost defends you. (SH +0)
Spells you cast may paralyse nearby enemies.


Message History

The meat berserker is engulfed in blazing flames.
The meat berserker hits you with a +9 battleaxe!!!
You hear a shout!
The bag of meat is engulfed in blazing flames.
The bag of meat completely misses you.
You hear a shout! x4
The accursed casts a spell at you. Something smites you!
* * * LOW HITPOINT WARNING * * *
You hear a shout!
Blink to where?
Press: ? - help, Q - select action, (/) - cycle Dir - move target A bag of meat, 2 sculptors of flesh and 2 meat berserkers come into view.
As you read the scroll of blinking, it crumbles to dust.
You feel yourself speed up.
You hear a shout! x2
The meat berserker is engulfed in blazing flames.
The meat berserker rages.
You hear a shout! x7
The meat berserker is engulfed in blazing flames.
A bag of meat comes into view. It is wielding a +9 war axe.
You hear a shout!
A bag of meat comes into view. It is wielding a +9 war axe.
You hear a shout!
Your balrug hits the meat berserker with a +2 demon whip of venom!!
The meat berserker is engulfed in flames!!
The meat berserker is poisoned.
You hear a shout! x4
The bag of meat is engulfed in blazing flames.
You hear a shout!
The bag of meat is engulfed in blazing flames.
The bag of meat hits your balrug with a +9 war axe!!!
A bag of meat comes into view. It is wielding a +9 war axe.
The destroyer is engulfed in blazing flames.
The meat berserker hits your balrug with a +9 battleaxe!!!
Your balrug dies!
Your balrug disappears in a puff of smoke!
You hear a shout!
The meat berserker hits you with a +9 battleaxe!!!!
You die...

.......... .. . ..
......... #.. ....#
......... #.. ....#
......o.. .###..
....###......oo
......###...........o.
...M._..............
#..M..#...@O..# .
#_.<.○#.......O...
.z..#.§))§#☼.....#.#.#
......☼○)))§.........
......###VoO......#. z
.###.o.o°§)###..... ..
#....OOo# ....... .
#....§§§# ........
..........


You could see a destroyer, a sculptor of flesh (wandering), 5 meat berserkers
and 7 bags of meat.

Vanquished Creatures
  6 vampire knights (D)
  12 ogres (D)
  6 two-headed ogres (D)
  24 orcs (D)
  3 skeletal warriors (D)
51 creatures vanquished.

Notes
Turn   | Place    | Note
-------+----------+-------------------------------------------
     0 | D        | Found the +∞ Axe of Woe
     0 | D        | p00ps00p the Demonspawn Wanderer began the quest for the
                  | Orb.
     0 | D        | p00ps00p set off with the following items: a +2 short
                  | sword, a +0 quarterstaff, a +0 pair of gloves, a scroll of
                  | fear, a +0 robe, a potion of curing, a potion of heal
                  | wounds, a potion of haste, 2 potions of magic, a potion of
                  | berserk rage, a scroll of blinking.
     0 | D        | Reached XP level 1. HP: 15/15 MP: 1/1
     2 | D        | Noticed a meat berserker
     2 | D        | Noticed a bag of meat
     3 | D        | Killed a meat berserker
     3 | D        | Noticed a bag of meat
     3 | D        | Noticed a bag of meat
     4 | D        | Gained mutation: A meltable shield of frost defends you.
                  | (SH +0) [demonic ancestry]
     4 | D        | Reached XP level 2. HP: 26/26 MP: 2/2
     4 | D        | Gained mutation: Spells you cast may paralyse adjacent
                  | enemies. [demonic ancestry]
     4 | D        | Reached XP level 3. HP: 31/31 MP: 3/3
     4 | D        | Gained mutation: You are partially covered in molten
                  | scales. (AC +2) [demonic ancestry]
     4 | D        | Reached XP level 4. HP: 38/38 MP: 4/4
     4 | D        | Reached XP level 5. HP: 43/43 MP: 5/5
     4 | D        | Gained mutation: You are mostly covered in molten scales.
                  | (AC +3) [demonic ancestry]
     4 | D        | Reached XP level 6. HP: 49/49 MP: 6/6
     4 | D        | Reached XP level 7. HP: 55/55 MP: 7/7
     4 | D        | Gained mutation: You have a pair of small horns on your
                  | head. [demonic ancestry]
     4 | D        | Reached XP level 8. HP: 61/61 MP: 8/8
     4 | D        | Reached XP level 9. HP: 66/66 MP: 9/9
     4 | D        | Gained mutation: A meltable icy envelope protects you from
                  | harm. (AC +0) [demonic ancestry]
     4 | D        | Reached XP level 10. HP: 73/73 MP: 10/10
     4 | D        | Reached XP level 11. HP: 78/78 MP: 11/11
     4 | D        | Noticed a bag of meat
     4 | D        | Noticed a meat berserker
     5 | D        | Killed a bag of meat
     5 | D        | Noticed a bag of meat
     5 | D        | Noticed a bag of meat
     6 | D        | Reached skill level 1 in Axes
     6 | D        | Reached XP level 12. HP: 84/84 MP: 12/12
     6 | D        | Killed a bag of meat
     6 | D        | Killed a meat berserker
     7 | D        | Reached skill level 10 in Stealth
     7 | D        | Reached XP level 13. HP: 93/93 MP: 13/13
     9 | D        | Killed a bag of meat
    10 | D        | Gained mutation: A meltable icy envelope protects you from
                  | harm. (AC +0) [demonic ancestry]
    10 | D        | Reached XP level 14. HP: 101/101 MP: 14/14
    10 | D        | Killed a bag of meat
    11 | D        | Killed a bag of meat
    11 | D        | Killed a bag of meat
    11 | D        | Noticed a meat berserker
    12 | D        | Reached skill level 10 in Axes
    12 | D        | Became a worshipper of Makhleb the Destroyer
    12 | D        | Noticed a bag of meat
    13 | D        | Noticed a bag of meat
    14 | D        | Noticed a bag of meat
    14 | D        | Noticed a bag of meat
    15 | D        | Killed a meat berserker
    15 | D        | Noticed a meat berserker
    16 | D        | Reached XP level 15. HP: 60/112 MP: 15/15
    16 | D        | Noticed a meat berserker
    16 | D        | Noticed a meat berserker
    17 | D        | Reached * piety under Makhleb
    19 | D        | Killed a meat berserker
    19 | D        | Reached ** piety under Makhleb
    20 | D        | Reached skill level 27 in Short Blades
    20 | D        | Reached skill level 27 in Staves
    20 | D        | Reached XP level 16. HP: 73/130 MP: 16/16
    20 | D        | Killed a meat berserker
    21 | D        | Killed a meat berserker
    22 | D        | Reached skill level 15 in Stealth
    22 | D        | Reached *** piety under Makhleb
    23 | D        | Noticed a large bag of meat
    23 | D        | Noticed a meat berserker
    24 | D        | Noticed a large bag of meat
    24 | D        | Noticed a destroyer
    24 | D        | Noticed a meat berserker
    24 | D        | Noticed a destroyer
    24 | D        | Noticed a large bag of meat
    25 | D        | Killed a large bag of meat
    26 | D        | Reached skill level 27 in Axes
    26 | D        | Reached skill level 5 in Armour
    26 | D        | Gained mutation: You have a pair of horns on your head.
                  | [demonic ancestry]
    26 | D        | Reached XP level 17. HP: 126/151 MP: 17/17
    27 | D        | Noticed a destroyer
    27 | D        | Noticed a large bag of meat
    28 | D        | Killed a large bag of meat
    28 | D        | Reached **** piety under Makhleb
    28 | D        | Killed a meat berserker
    28 | D        | Noticed a large bag of meat
    29 | D        | Killed a meat berserker
    29 | D        | Noticed a meat berserker
    30 | D        | Reached skill level 27 in Fighting
    30 | D        | Reached XP level 18. HP: 140/182 MP: 18/18
    30 | D        | Noticed a meat berserker
    31 | D        | Killed a destroyer
    32 | D        | Reached skill level 10 in Armour
    32 | D        | Noticed a destroyer
    32 | D        | Noticed a sculptor of flesh
    32 | D        | Killed a destroyer
    32 | D        | Reached ***** piety under Makhleb
    32 | D        | Killed a large bag of meat
    32 | D        | Noticed a sculptor of flesh
    32 | D        | Noticed a destroyer
    33 | D        | Reached skill level 27 in Stealth
    33 | D        | Killed a destroyer
    34 | D        | Reached XP level 19. HP: 189/189 MP: 19/19
    35 | D        | Noticed a destroyer
    35 | D        | Killed a meat berserker
    35 | D        | Killed a large bag of meat
    36 | D        | Killed a destroyer
    36 | D        | Killed a large bag of meat
    36 | D        | Reached ****** piety under Makhleb
    36 | D        | Killed a destroyer
    37 | D        | Reached skill level 27 in Armour
    37 | D        | Reached skill level 27 in Dodging
    37 | D        | Gained mutation: You have a pair of large horns on your
                  | head. [demonic ancestry]
    37 | D        | Reached XP level 20. HP: 131/197 MP: 20/20
    37 | D        | Killed a meat berserker
    37 | D        | Noticed a meat berserker
    38 | D        | Reached skill level 5 in Conjurations
    38 | D        | Reached skill level 5 in Hexes
    38 | D        | Reached skill level 5 in Summonings
    38 | D        | Reached skill level 5 in Necromancy
    38 | D        | Reached skill level 5 in Poison Magic
    38 | D        | Reached skill level 5 in Evocations
    38 | D        | Noticed a large bag of meat
    39 | D        | Noticed a meat berserker
    40 | D        | Reached skill level 5 in Maces & Flails
    40 | D        | Reached skill level 5 in Polearms
    40 | D        | Reached skill level 5 in Ranged Weapons
    40 | D        | Reached skill level 5 in Throwing
    40 | D        | Reached skill level 5 in Shields
    41 | D        | Reached XP level 21. HP: 204/204 MP: 20/32
    41 | D        | Killed a destroyer
    42 | D        | Reached skill level 10 in Conjurations
    42 | D        | Reached skill level 10 in Hexes
    42 | D        | Reached skill level 10 in Summonings
    42 | D        | Reached skill level 10 in Poison Magic
    42 | D        | Reached skill level 10 in Evocations
    43 | D        | Reached skill level 10 in Long Blades
    43 | D        | Reached skill level 10 in Unarmed Combat
    43 | D        | Reached skill level 10 in Spellcasting
    43 | D        | Reached skill level 10 in Translocations
    43 | D        | Reached skill level 10 in Transmutations
    43 | D        | Reached skill level 10 in Fire Magic
    43 | D        | Reached skill level 10 in Ice Magic
    43 | D        | Reached skill level 10 in Air Magic
    43 | D        | Reached skill level 10 in Earth Magic
    44 | D        | Noticed a destroyer
    45 | D        | Noticed an accursed
    46 | D        | Reached skill level 10 in Maces & Flails
    46 | D        | Reached skill level 10 in Polearms
    46 | D        | Reached skill level 10 in Ranged Weapons
    46 | D        | Reached skill level 10 in Throwing
    46 | D        | Reached skill level 10 in Shields
    46 | D        | Reached skill level 15 in Invocations
    46 | D        | Gained mutation: Spells you cast may paralyse nearby
                  | enemies. [demonic ancestry]
    46 | D        | Reached XP level 22. HP: 212/212 MP: 21/37
    46 | D        | Noticed an accursed
    46 | D        | Killed a large bag of meat
    46 | D        | Noticed a large bag of meat
    48 | D        | Annihilated by a meat berserker

Illustrated notes

Levels and vault maps discovered:
D:        meatsprint

Skill      XL: |  1  2  3  4  5  6  7  8  9 10 11 12 13 14 15 16 17 18 19 20 21 22 |
---------------+-------------------------------------------------------------------+-----
Fighting       | 4 6 8 13 18 27 | 27.0
Short Blades   | 18 20 22 23 26 27 | 27.0
Staves         | 18 20 22 23 26 27 | 27.0
Armour         | 2 5 8 19 27 | 27.0
Stealth        | 8 9 10 11 12 14 16 20 27 | 27.0
Axes           | 1 6 7 11 19 27 | 27.0
Dodging        | 6 18 27 | 27.0
Long Blades    | 7 11 | 11.5
Maces & Flails | 6 10 | 10.3
Polearms       | 7 10 | 10.3
Ranged Weapons | 6 10 | 10.3
Throwing       | 6 10 | 10.3
Shields        | 6 10 | 10.3
Unarmed Combat | 7 11 | 11.5
Spellcasting   | 7 11 | 11.5
Conjurations   | 8 12 | 12.5
Hexes          | 8 12 | 12.5
Summonings     | 8 12 | 12.5
Necromancy     | 9 13 | 13.6
Translocations | 7 11 | 11.5
Transmutations | 7 11 | 11.5
Fire Magic     | 7 11 | 11.5
Ice Magic      | 7 11 | 11.5
Air Magic      | 7 11 | 11.5
Earth Magic    | 7 11 | 11.5
Poison Magic   | 8 12 | 12.5
Invocations    | 11 15 16 | 16.0
Evocations     | 8 12 | 12.5

Action                   |  1- 3 |  4- 6 |  7- 9 | 10-12 | 13-15 | 16-18 | 19-21 | 22-24 || total
-------------------------+-------+-------+-------+-------+-------+-------+-------+-------++-------
Melee: Executioner's axe |     1 |       |       |     2 |     6 |     9 |     9 |     1 ||    28
Invok: Greater Servant o |       |       |       |       |       |       |       |     1 ||     1
  Use: Potion            |     1 |       |       |       |     1 |       |       |       ||     2
       Scroll            |       |       |       |       |       |       |       |     1 ||     1
Dodge: Dodged            |       |       |       |       |     1 |       |     1 |     1 ||     3

Table legend: (Time is in decaauts)
 A = Elapsed time spent in this place.
 B = Non-inter-level travel time spent in this place.
 C = Inter-level travel time spent in this place.
 D = Time resting spent in this place.
 E = Time spent auto-exploring this place.
 F = Levels seen in this place.
 G = Mean time per level.
                   A        B        C        D        E       F      G
               +--------+--------+--------+--------+--------+-----+--------+
         Total |     46 |     46 |      0 |      0 |      0 |   1 |   46.0 |
       Dungeon |     46 |     46 |      0 |      0 |      0 |   1 |   46.0 |
               +--------+--------+--------+--------+--------+-----+--------+

Top non-repeatable levels by time:
       D: 46 daAuts
